Map: Bridgehead LE (Void)

Players

sanbagginsob

  • Race: Protoss Protoss
  • League: Grandmaster

SticklerMac - Winner!

  • Race: Zerg Zerg

VOD

Have the link to the VOD?

Description

Time

  • Played on: Aug. 6, 2015, 6:18 p.m.
  • Length: 12:15
Show
View Real Time Build Order
Export as new Build Order

sanbagginsob Protoss 

Build Orders:  

Get SALT Encoding   

  12  0:04  Probe  
  13  0:15  Pylon  
  13  0:18  Probe  
  14  0:34  Probe (Chrono Boost)  
  15  0:45  Gateway, Probe (Chrono Boost)  
  16  0:55  Probe (Chrono Boost)  
  17  0:59  Assimilator  
  17  1:07  Probe (Chrono Boost)  
  18  1:15  Probe (Chrono Boost)  
  18  1:17  Pylon  
  19  1:24  Probe  
  20  1:28  Assimilator  
  20  1:36  Cybernetics Core  
  20  1:38  Zealot  
  23  1:40  Probe (Chrono Boost)  
  23  1:51  Probe (Chrono Boost)  
  24  1:58  Probe  
  25  2:09  Zealot  
  25  2:13  Mothership Core  
  29  2:29  Warp Gate  
  29  2:50  Probe  
  30  2:57  Nexus  
  30  3:01  Pylon  
  30  3:11  Forge  
  30  3:18  Stalker  
  30  3:19  Probe  
  33  3:33  Probe (Chrono Boost)  
  34  3:36  Stargate  
  34  3:43  Probe (Chrono Boost), Pylon  
  34  3:46  Protoss Ground Weapons Level 1  
  35  3:53  Photon Cannon  
  35  4:00  Photon Cannon  
  35  4:16  Probe x2  
  37  4:26  Void Ray  
  41  4:39  Stalker  
  43  4:49  Robotics Facility  
  43  4:59  Pylon  
  43  5:01  Probe x2  
  43  5:02  Pylon  
  43  5:05  Assimilator  
  43  5:06  Stalker  
  47  5:08  Assimilator  
  47  5:13  Probe  
  48  5:30  Probe (Chrono Boost)  
  50  5:35  Probe (Chrono Boost)  
  50  5:38  Observer  
  50  5:40  Photon Cannon  
  50  5:42  Stalker  
  53  5:44  Void Ray  
  59  5:50  Probe x2 (Chrono Boost)  
  59  5:55  Protoss Ground Armor Level 1 (Chrono Boost)  
  59  5:58  Protoss Air Weapons Level 1 (Chrono Boost)  
  59  6:00  Probe (Chrono Boost)  
  60  6:07  Stargate  
  60  6:22  Photon Cannon  
  60  6:24  Probe x2 (Chrono Boost)  
  62  6:27  Photon Cannon  
  62  6:31  Photon Cannon  
  63  6:34  Probe x2 (Chrono Boost)  
  64  6:41  Probe  
  65  6:51  Void Ray x2  
  73  6:55  Pylon  
  73  7:02  Stalker  
  75  7:17  Probe (Chrono Boost)  
  75  7:22  Probe (Chrono Boost)  
  77  7:30  Probe (Chrono Boost)  
  77  7:36  Photon Cannon  
  77  7:47  Probe x2  
  79  7:58  Nexus  
  79  7:59  Probe x2  
  79  8:01  Assimilator  
  79  8:02  Protoss Air Armor Level 1  
  81  8:06  Assimilator  
  81  8:10  Pylon  
  81  8:13  Pylon  
  81  8:16  Twilight Council, Observer  
  81  8:18  Forge  
  82  8:28  Probe (Chrono Boost)  
  82  8:34  Probe (Chrono Boost), Robotics Bay  
  84  8:42  Photon Cannon  
  84  8:44  Photon Cannon  
  84  8:47  Probe x2  
  86  8:52  Void Ray x2  
  94  9:07  Charge  
  90  9:41  Photon Cannon  
  90  9:44  Photon Cannon  
  90  9:48  Photon Cannon  
  90  9:55  Void Ray x2 (Chrono Boost)  
  98  10:09  Colossus  
  104  10:15  Stalker  
  106  10:23  Gateway  
  106  10:25  Gateway  
  106  10:27  Gateway  
Show
View Real Time Build Order
Export as new Build Order

SticklerMac Zerg - Winner!

Build Orders: Hatch First 

Get SALT Encoding   

  12  0:01  Drone  
  13  0:13  Drone  
  14  0:17  Overlord  
  14  0:35  Drone  
  15  0:36  Drone x2  
  17  0:53  Hatchery  
  17  0:56  Drone  
  17  1:00  Drone  
  17  1:03  Extractor  
  17  1:15  Spawning Pool  
  16  1:20  Drone  
  16  1:21  Drone  
  18  1:35  Drone  
  19  1:50  Drone  
  20  2:02  Drone  
  20  2:04  Queen x2, Zergling x2  
  26  2:11  Drone  
  26  2:12  Metabolic Boost, Drone  
  28  2:26  Overlord x2  
  28  2:44  Zergling x6  
  28  2:50  Zergling x2  
  28  2:51  Zergling x2  
  33  2:55  Drone  
  34  2:59  Drone, Roach Warren  
  34  3:06  Drone  
  34  3:09  Drone  
  36  3:22  Zergling x2  
  36  3:23  Drone  
  36  3:26  Hatchery, Drone  
  38  3:29  Zergling x2  
  39  3:39  Zergling x6  
  39  3:40  Zergling x2  
  43  3:59  Zergling x2  
  44  4:05  Zergling x2  
  44  4:06  Zergling x2  
  42  4:13  Zergling x2  
  42  4:14  Zergling x2  
  44  4:23  Extractor  
  43  4:25  Extractor  
  43  4:26  Drone x2  
  44  4:35  Drone, Extractor  
  45  4:40  Drone x3  
  45  4:41  Drone x2  
  45  4:45  Overlord  
  50  4:47  Overlord x2  
  50  4:48  Overlord x2  
  50  4:53  Lair  
  50  5:03  Queen  
  52  5:08  Drone  
  52  5:09  Drone x3  
  52  5:12  Drone  
  57  5:16  Roach  
  57  5:17  Roach x4  
  66  5:46  Roach x4  
  74  5:51  Spire  
  74  5:52  Roach x3  
  74  5:53  Roach x2  
  74  5:56  Roach  
  85  5:58  Roach  
  85  6:01  Roach  
  89  6:12  Overlord x3  
  89  6:31  Drone  
  89  6:32  Drone x7  
  97  6:41  Drone x2  
  97  6:42  Drone, Extractor  
  97  6:45  Drone x3  
  97  6:47  Drone  
  103  6:50  Extractor  
  103  6:51  Drone  
  103  6:53  Extractor  
  102  6:59  Drone x4  
  102  7:00  Drone x3  
  102  7:01  Drone  
  110  7:10  Mutalisk  
  110  7:12  Overlord  
  110  7:13  Overlord x2  
  112  7:19  Drone  
  112  7:20  Overlord  
  112  7:21  Overlord  
  108  7:30  Mutalisk x3  
  108  7:33  Mutalisk  
  108  7:36  Mutalisk  
  118  7:39  Mutalisk  
  118  7:41  Mutalisk  
  118  7:43  Mutalisk  
  122  7:46  Mutalisk  
  122  7:49  Mutalisk  
  128  7:52  Mutalisk  
  128  7:54  Mutalisk  
  128  7:57  Mutalisk  
  134  8:04  Mutalisk x2  
  138  8:09  Mutalisk  
  140  8:12  Zergling x2  
  140  8:13  Zergling x8  
  140  8:14  Zergling x2  
  145  8:25  Mutalisk x2  
  145  8:26  Mutalisk  
  149  8:29  Zergling x4  
  149  8:30  Zergling x2  
  149  8:32  Overlord x2  
  149  8:33  Overlord  
  154  8:42  Overlord  
  154  8:43  Overlord x2  
  154  8:58  Mutalisk x5  
  164  9:04  Mutalisk  
  166  9:17  Mutalisk x2  
  166  9:19  Zergling x2  
  166  9:20  Zergling x26  
  166  9:22  Zergling x2  
  185  9:35  Mutalisk x2  
  185  9:36  Mutalisk  
  185  9:38  Zergling x8  
  193  9:57  Zergling x2  
  193  9:58  Zergling x8  
  198  10:12  Zergling x4  
  199  10:38  Mutalisk x5, Zergling x2  
  199  10:40  Mutalisk x2  
  199  10:42  Mutalisk  
  198  10:44  Mutalisk  
  198  10:49  Mutalisk  
  194  10:50  Mutalisk x2  
  197  11:23  Mutalisk  
  197  11:24  Mutalisk  
  198  11:27  Mutalisk  
Tags
 
Add a new tag
Caveats
  • Supply blocks, unpowered buildings, or Contaminate may cause inaccurate times.
  • Supply counts are checked every 10 seconds.